 Dungeon Crawl Stone Soup version 0.21.1-1-g345015f (webtiles) character file.

3265 timruff the Gouger (level 9, 0/58 HPs)
             Began as a Felid Berserker on July 23, 2018.
             Was a High Priest of Trog.
             Slain by timruff's ghost (20 damage)
             ... on level 8 of the Dungeon.
             The game lasted 00:29:45 (7387 turns).

timruff the Gouger (Felid Berserker)                Turns: 7387, Time: 00:29:45

Health: 0/58       AC:  2    Str: 19    XL:     9   Next: 68%
Magic:  10/10      EV: 25    Int:  8    God:    Trog [*****.]
Gold:   281        SH:  0    Dex: 18    Spells: 8/8 levels left
                                        Lives:  0   Deaths: 2

rFire    x . .     SeeInvis +     - Unarmed
rCold    + . .     Gourm    .   (shield unavailable)
rNeg     . . .     Faith    .   (armour unavailable)
rPois    .         Spirit   .   (helmet unavailable)
rElec    .         Reflect  .   (cloak unavailable)
rCorr    .         Harm     .   (gloves unavailable)
MR       +....                  (boots unavailable)
Stlth    ..........             o - amulet of regeneration
HPRegen  0.59/turn              x - ring of ice
MPRegen  0.12/turn              (no ring)

@: berserking, very quick
A: very small, no armour, no weapons or thrown items, stealth, claws 1, fangs 3,
see invisible, carnivore, speed 1, shaggy fur 2, slow metabolism 1, sharp paws
a: Berserk, Trog's Hand, Brothers in Arms, Burn Spellbooks, Renounce Religion


You were on level 8 of the Dungeon.
You worshipped Trog.
Trog was extremely pleased with you.
You were very full.

You visited 1 branch of the dungeon, and saw 8 of its levels.

You collected 401 gold pieces.
You spent 120 gold pieces at shops.

Inventory:

Jewellery
 n - an uncursed amulet of harm
 o - an amulet of regeneration (around neck)
 v - an uncursed ring of flight
 x - a ring of ice (left paw)
Wands
 j - a wand of polymorph (10)
Scrolls
 b - a scroll of fear {unknown}
 c - a scroll of noise
 d - a scroll of enchant armour
 e - a scroll of blinking {unknown}
 f - a scroll of enchant weapon
 h - a scroll of amnesia {unknown}
 l - a scroll of magic mapping {unknown}
 s - 2 scrolls of immolation
 t - 4 scrolls of teleportation
 y - 2 scrolls of remove curse
Potions
 g - 4 potions of flight
 i - 8 potions of curing
 k - a potion of lignification
 m - 2 potions of heal wounds
 p - a potion of might
 q - a potion of haste {unknown}
 u - a potion of brilliance {unknown}
 w - a potion of resistance {unknown}
Comestibles
 a - 15 rations


   Skills:
 + Level 4.4 Fighting
 + Level 8.7 Dodging
 + Level 9.7 Stealth
 + Level 11.6 Unarmed Combat


You had 8 spell levels left.
You didn't know any spells.

Dungeon Overview and Level Annotations

Branches:
Dungeon (8/15)             Temple (0/1) D:6
   Lair: D:8-11

Altars:
Ashenzari
Cheibriados
Dithmenos
Fedhas
Gozag
Kikubaaqudgha
Nemelex Xobeh
Sif Muna
Trog

Shops:
D:7 (*?*

Annotations:
D:8 timruff's ghost, novice TrBe


Innate Abilities, Weirdness & Mutations

You cannot wear armour.
You are incapable of wielding weapons or throwing items.
Your paws allow you to move quietly. (Stealth)
You have sharp claws.
You have razor-sharp teeth.
You have supernaturally acute eyesight. (SInv)
You are carnivorous and can eat meat at any time.
You cover ground quickly.
You are covered in thick fur. (AC +2)
You have a slow metabolism.
Your sharp claws are effective at attacking unaware monsters.


Message History

You claw timruff's ghost!
Timruff's ghost is lightly damaged.
You claw timruff's ghost!
Timruff's ghost is moderately damaged.
Timruff's ghost misses you.
You barely miss timruff's ghost.
Timruff's ghost is moderately damaged.
Timruff's ghost misses you.
You claw timruff's ghost!
You claw timruff's ghost, but do no damage.
Timruff's ghost is heavily damaged.
Timruff's ghost hits you!
A red film seems to cover your vision as you go berserk!
You feel yourself moving faster!
You feel mighty! Timruff's ghost misses you.
You mangle timruff's ghost!!
Timruff's ghost is severely damaged.
You claw timruff's ghost! You bite timruff's ghost.
Timruff's ghost is almost destroyed.
Timruff's ghost hits you!!
You die...

#################
#.....†.........#
#.#############.#
#)# #.## #.# #†..
#.# #... #@# #...
#W# #... ... +...
..### #... ...
#.## ###.
#########... #.
#.......'... #.
#.#######... #
#.# #...


You could see timruff's ghost.

Vanquished Creatures
  Pikel (D:7)
  The ghost of LittleStrapony the Skirmisher, a novice HOFi (D:4)
  Grinder (D:3)
  A hippogriff (D:7)
  Sigmund (D:2)
  Menkaure (D:7)
  4 sky beasts (D:6)
  A black bear (D:7)
  2 orc warriors
  A phantom (D:4)
  3 ogres
  4 centaurs
  3 bullfrogs
  2 scorpions
  5 wights (D:6)
  5 howler monkeys
  4 crimson imps
  A centaur zombie (D:6)
  A bullfrog skeleton (D:6)
  A hound (D:6)
  A jelly (D:7)
  2 orc priests
  7 orc wizards
  Jessica (D:2)
  Terence (D:2)
  3 iguanas
  6 worker ants
  A hound zombie (D:8)
  2 hound skeletons (D:6)
  Robin (D:3)
  4 gnolls (D:4)
  10 adders
  5 worms
  3 dart slugs
  5 leopard geckos
  22 orcs
  5 giant cockroaches
  15 goblins
  9 hobgoblins
  10 jackals
  7 quokkas
  2 ball pythons (D:5)
  13 bats
  6 frilled lizards
  11 kobolds
  A leopard gecko skeleton (D:4)
  A quokka skeleton (D:7)
  10 rats
207 creatures vanquished.

Vanquished Creatures (others)
  A hippogriff (D:7)
  A slave (D:7)
  A leopard gecko (D:7)
  A quokka skeleton (D:7)
4 creatures vanquished.

Grand Total: 211 creatures vanquished

Notes
Turn   | Place    | Note
-------+----------+-------------------------------------------
     0 | D:1      | timruff the Felid Berserker began the quest for the Orb.
     0 | D:1      | Reached XP level 1. HP: 10/10 MP: 2/2
   346 | D:1      | Reached XP level 2. HP: 10/14 MP: 3/3
  1104 | D:1      | Reached XP level 3. HP: 15/17 MP: 4/4
  1347 | D:2      | Noticed Terence
  1364 | D:2      | Killed Terence
  1364 | D:2      | Reached skill level 1 in Stealth
  1475 | D:2      | Found a blossoming altar of Fedhas.
  1486 | D:2      | Reached ** piety under Trog
  1490 | D:2      | Found a bloodstained altar of Trog.
  1534 | D:2      | Reached XP level 4. HP: 18/21 MP: 5/5
  1615 | D:2      | Noticed Jessica
  1617 | D:2      | Killed Jessica
  1617 | D:2      | Reached skill level 4 in Unarmed Combat
  1923 | D:2      | Noticed Sigmund
  1960 | D:2      | Killed Sigmund
  1960 | D:2      | Reached skill level 5 in Dodging
  1960 | D:2      | Reached XP level 5. HP: 14/25 MP: 6/6
  1960 | D:2      | Gained mutation: You are covered in thick fur. (AC +2) [Felid growth]
  1960 | D:2      | Reached XP level 6. HP: 16/28 MP: 7/7
  1965 | D:2      | Found a deep blue altar of Sif Muna.
  2289 | D:2      | Reached skill level 5 in Unarmed Combat
  2886 | D:3      | Noticed Robin
  2920 | D:3      | Killed Robin
  2962 | D:3      | Found a shattered altar of Ashenzari.
  3044 | D:3      | Noticed Grinder
  3130 | D:3      | Paralysed by Grinder for 2 turns
  3141 | D:3      | Mangled by Grinder
  3142 | D:3      | Reached XP level 5. HP: -7/25 MP: 6/6
  3158 | D:3      | Paralysed by Grinder for 2 turns
  3182 | D:3      | Killed Grinder
  3182 | D:3      | Reached skill level 6 in Unarmed Combat
  3182 | D:3      | Reached XP level 6. HP: 15/28 MP: 7/7
  3389 | D:3      | Found an opulent altar of Gozag.
  3545 | D:4      | Reached *** piety under Trog
  3635 | D:4      | Reached XP level 7. HP: 31/31 MP: 8/8
  3646 | D:4      | Found a shadowy altar of Dithmenos.
  3646 | D:4      | Found an ancient bone altar of Kikubaaqudgha.
  3647 | D:4      | Found a snail-covered altar of Cheibriados.
  3720 | D:4      | Reached skill level 5 in Stealth
  4111 | D:4      | Noticed LittleStrapony's ghost (novice HOFi)
  4119 | D:4      | Killed LittleStrapony's ghost
  4119 | D:4      | Reached skill level 7 in Unarmed Combat
  4292 | D:5      | Entered Level 5 of the Dungeon
  4437 | D:5      | Reached XP level 8. HP: 36/36 MP: 9/9
  4528 | D:5      | Reached skill level 8 in Unarmed Combat
  5215 | D:6      | Found a staircase to the Ecumenical Temple.
  5319 | D:6      | Reached skill level 9 in Unarmed Combat
  5477 | D:6      | Found a sparkling altar of Nemelex Xobeh.
  5531 | D:6      | Reached **** piety under Trog
  5531 | D:6      | Reached XP level 9. HP: 22/39 MP: 10/10
  6264 | D:6      | HP: 1/39 [orc priest/divine providence (16)]
  6270 | D:6      | Demolished by an orc warrior
  6271 | D:6      | Reached XP level 8. HP: -17/36 MP: 9/9
  6326 | D:6      | Reached skill level 10 in Unarmed Combat
  6523 | D:7      | Found Kodur's Assorted Antiques.
  6523 | D:7      | Found Juub's Magic Scroll Emporium.
  6548 | D:7      | Noticed Menkaure
  6565 | D:7      | Noticed a hippogriff
  6568 | D:7      | Killed Menkaure
  6578 | D:7      | Killed a hippogriff
  6578 | D:7      | Reached XP level 9. HP: 38/39 MP: 10/10
  6652 | D:7      | Bought a scroll of teleportation for 45 gold pieces
  6652 | D:7      | Bought a scroll of teleportation for 45 gold pieces
  6652 | D:7      | Bought a scroll of identify for 30 gold pieces
  6708 | D:7      | Noticed Pikel
  6710 | D:7      | Reached skill level 11 in Unarmed Combat
  6721 | D:7      | Killed Pikel
  6844 | D:7      | Reached ***** piety under Trog
  6890 | D:7      | Found Tyge's Antique Weapon Shoppe.
  6948 | D:7      | Found Reev's General Store.
  7371 | D:8      | Noticed timruff's ghost (novice TrBe)
  7387 | D:8      | Slain by timruff's ghost

Skill      XL: |  1  2  3  4  5  6  7  8  9 |
---------------+----------------------------+-----
Stealth        | 2 3 4 6 9 |  9.7
Unarmed Combat | 4 6 5 7 10 11 | 11.6
Dodging        | 5 6 7 8 |  8.7
Fighting       | 4 |  4.4

Action                   |  1- 3 |  4- 6 |  7- 9 || total
-------------------------+-------+-------+-------++-------
Melee: Unarmed           |    91 |   182 |   310 ||   583
       Bite              |     7 |    14 |    35 ||    56
       Punch             |     1 |       |    14 ||    15
Invok: Berserk           |     1 |     4 |     8 ||    13
       Trog's Hand       |       |     5 |     1 ||     6
  Use: Scroll            |     2 |     1 |     9 ||    12
       Potion            |       |       |     3 ||     3
 Stab: Sleeping          |     7 |     9 |    22 ||    38
       Distracted        |       |       |     1 ||     1
  Eat: Chunk             |     9 |    13 |    17 ||    39
Armor: Skin              |     5 |    32 |     4 ||    41
Dodge: Dodged            |    81 |   159 |   215 ||   455
